 Dungeon Crawl Stone Soup version 0.24.0-13-gcf9b319 (webtiles) character file.

Game seed: 7881392070146920413, levelgen mode: deterministic

2629 Bronimir the Carver (level 9, -1/103 HPs)
             Began as a Barachi Skald on Apr 10, 2020.
             Killed by divine providence
             ... invoked by a smoke demon
             ... summoned by a kobold demonologist
              (10 damage)
             ... on level 10 of the Dungeon.
             The game lasted 00:22:09 (9183 turns).

Bronimir the Carver (Barachi Skald)                 Turns: 9183, Time: 00:22:10

Health: -1/103     AC: 24    Str: 15      XL:     9   Next: 61%
Magic:  2/15       EV:  2    Int: 13      God:
Gold:   186        SH:  0    Dex: 17 (18) Spells: 6/17 levels left

rFire    . . .     SeeInvis .   a - +2 falchion
rCold    . . .     Gourm    .   (no shield)
rNeg     + + +     Faith    +   (armour currently unavailable)
rPois    +         Spirit   .   (helmet currently unavailable)
rElec    .         Reflect  .   (cloak currently unavailable)
rCorr    .         Harm     .   (gloves currently unavailable)
MR       .....     NoTele   +   (boots currently unavailable)
Stlth    +++.......             E - amulet of faith
HPRegen  0.27/turn              (no ring)
MPRegen  0.14/turn              (no ring)

@: agile, tree-form, marked, infused
A: +LOS, swims
a: no special abilities


You were on level 10 of the Dungeon.
You were not hungry.
You were a tree.
You visited 1 branch of the dungeon, and saw 8 of its levels.

You collected 340 gold pieces.
You spent 154 gold pieces at shops.

Inventory:

Hand Weapons
 a - a +2 falchion (weapon)
 b - a +0 hand crossbow
 i - a cursed +5 halberd of freezing
 u - a +0 shortbow
 y - a +0 scythe
 F - a cursed +0 battleaxe
 I - a +4 quarterstaff of chaos
Missiles
 e - 99 sling bullets
 g - 70 poisoned darts (quivered)
 h - 44 arrows
 m - 198 stones
 t - 32 bolts
Armour
 l - a +0 pair of gloves (melded)
 o - a +0 cloak
 p - a +0 ring mail
 q - a scarf of cloud immunity
 r - a cursed +0 leather armour
 s - a +0 helmet (melded)
 C - the +1 leather armour "Lerarika" (melded) {Int+6}
   (You bought it in a shop on level 4 of the Dungeon)

   It affects your intelligence (+6).
 J - a +1 cloak of magic resistance (melded)
Jewellery
 c - an uncursed ring of teleportation
 E - an amulet of faith (around neck)
 H - an uncursed ring of flight
Wands
 x - a wand of polymorph (1)
 z - a wand of scattershot (4)
 B - a wand of random effects (24)
Scrolls
 j - 7 scrolls of identify
 n - a scroll of teleportation
 w - a scroll of fog
 D - a scroll of remove curse
Potions
 k - 2 potions of resistance
 v - 2 potions of lignification
 A - a potion of agility
Comestibles
 d - 11 rations
 K - 3 chunks of flesh


   Skills:
 * Level 5.7 Fighting
 * Level 9.6 Long Blades
 * Level 5.5 Armour
 + Level 4.7 Dodging
 + Level 0.4 Unarmed Combat
 * Level 4.5 Spellcasting
 * Level 6.0 Charms
 + Level 0.8 Translocations
 * Level 2.5 Evocations


You had 6 spell levels left.
You knew the following spells:

 Your Spells              Type           Power        Failure   Level  Hunger
a - Infusion              Chrm           ###.         1%          1    None
b - Song of Slaying       Chrm           ###.....     2%          2    ##.....
c - Shroud of Golubria    Chrm/Tloc      ##....       8%          2    ##.....
d - Regeneration          Chrm/Necr      ##........   17%         3    ###....
e - Spectral Weapon       Hex/Chrm       ##......     17%         3    ###....

Your spell library contained the following spells:

 Spells                   Type           Power        Failure   Level  Hunger


Dungeon Overview and Level Annotations

Branches:
Dungeon (7/15)
 Temple: D:4-7

Altars:
Dithmenos
Gozag
Qazlal
Sif Muna
Trog
Xom
Yredelemnul
The Shining One

Shops:
D:4 [

Annotations:
D:3 2 transporters, ogel02's ghost, amateur GrFi


Innate Abilities, Weirdness & Mutations

Shadows flee at your approach. (+LOS)
You can swim through water.
((You cover ground slowly.))
((You can hop short distances.))


Message History

The smoke demon gestures at you. Something smites you!
* * * LOW HITPOINT WARNING * * *
The quasit bites you but does no damage.
The quasit claws you but does no damage. x2
The kobold demonologist looks braver for a moment.
You feel better.
The crimson imp shouts, "Out, out, thou puny nut-hook apple-john!"
The quasit bites you.
* * * LOW HITPOINT WARNING * * *
You feel clumsy.
The quasit claws you but does no damage. x2
The kobold demonologist gestures wildly while chanting.
You feel agile all of a sudden.
The quasit bites you but does no damage.
The quasit claws you but does no damage.
The quasit barely misses you.
The crimson imp blinks!
The smoke demon gestures at you. Something smites you!
You die...

(.# ..####
.. #....
... ##..#
#5K# #..#
#..3##K(#
#.3..§K##
##..#KK5##
#. #.K#♣#
#. #.####
# #.# ##


You could see a soul eater, 2 kobold demonologists, a smoke demon, a quasit, a
crimson imp and 3 kobolds.

Vanquished Creatures
  Grinder (D:6)
  Sigmund (D:3)
  A wyvern (D:6)
  2 ice beasts (D:6)
  An orc warrior (D:7)
  A sky beast (D:6)
  3 ogres
  A necrophage (D:7)
  2 centaurs (D:5)
  A bullfrog (D:6)
  3 scorpions
  5 wights
  3 crimson imps
  A bullfrog skeleton (D:5)
  2 jellies (D:5)
  A gnoll shaman (D:7)
  3 orc priests
  Crazy Yiuf (D:7)
  2 hounds (D:5)
  A centaur skeleton (D:5)
  3 orc wizards
  4 worker ants
  A hound zombie (D:6)
  A hound skeleton (D:5)
  4 adders
  4 gnolls
  2 shadow imps
  2 worms
  A dart slug (D:4)
  5 leopard geckos
  15 orcs
  8 giant cockroaches
  3 goblins
  7 hobgoblins
  9 jackals
  11 kobolds
  3 quokkas
  4 ball pythons
  3 bats
  4 frilled lizards
  A jackal skeleton (D:5)
  A leopard gecko skeleton (D:6)
  A quokka skeleton (D:2)
  10 rats
143 creatures vanquished.

Vanquished Creatures (collateral kills)
  An ogre (D:5)
1 creature vanquished.

Grand Total: 144 creatures vanquished

Notes
Turn   | Place    | Note
-------+----------+-------------------------------------------
     0 | D:1      | Bronimir the Barachi Skald began the quest for the Orb.
     0 | D:1      | Reached XP level 1. HP: 17/17 MP: 3/3
   419 | D:1      | Reached XP level 2. HP: 23/23 MP: 5/5
  1303 | D:2      | Reached XP level 3. HP: 22/28 MP: 6/6
  1701 | D:2      | Reached skill level 3 in Long Blades
  2288 | D:2      | Learned a level 2 spell: Song of Slaying
  2291 | D:2      | Learned a level 2 spell: Shroud of Golubria
  2642 | D:2      | Reached XP level 4. HP: 28/34 MP: 7/7
  2847 | D:3      | Found a transporter.
  2850 | D:3      | Noticed ogel02's ghost (amateur GrFi)
  2850 | D:3      | Identified the +6 dire flail "Rioderej" {venom, rElec rF+
                  | MR+ Stlth+}
  2850 | D:3      | Noticed an ogre
  2851 | D:3      | Found a transporter.
  2889 | D:3      | Noticed Sigmund
  3083 | D:3      | Killed Sigmund
  3083 | D:3      | Reached skill level 4 in Long Blades
  3083 | D:3      | Reached XP level 5. HP: 25/41 MP: 0/8
  3433 | D:3      | Reached XP level 6. HP: 47/47 MP: 9/9
  3903 | D:3      | Found a shimmering altar of Xom.
  4465 | D:4      | Reached skill level 5 in Long Blades
  4500 | D:4      | Found Viblad's Antique Armour Shop.
  4514 | D:4      | Bought a fine leather armour for 154 gold pieces
  4524 | D:4      | Identified the cursed +1 leather armour "Lerarika" {Int+6}
                  | (You bought it in a shop on level 4 of the Dungeon)
  4666 | D:4      | Learned a level 3 spell: Regeneration
  5140 | D:5      | Entered Level 5 of the Dungeon
  5155 | D:5      | Found a glowing golden altar of the Shining One.
  5249 | D:5      | Reached XP level 7. HP: 41/53 MP: 6/11
  5351 | D:5      | Reached skill level 6 in Long Blades
  5401 | D:5      | Found an opulent altar of Gozag.
  5482 | D:5      | Reached skill level 7 in Long Blades
  5727 | D:4      | Reached XP level 8. HP: 15/61 MP: 2/12
  6291 | D:5      | Reached skill level 5 in Charms
  6446 | D:5      | Learned a level 3 spell: Spectral Weapon
  6687 | D:6      | Noticed Grinder
  6693 | D:6      | Paralysed by Grinder for 3 turns
  6703 | D:6      | Noticed a wyvern
  6707 | D:6      | Killed Grinder
  6707 | D:6      | Reached skill level 5 in Fighting
  6707 | D:6      | Reached skill level 8 in Long Blades
  6707 | D:6      | Reached skill level 1 in Evocations
  6709 | D:6      | HP: 2/93 [wyvern (12)]
  6713 | D:6      | Killed a wyvern
  7047 | D:6      | Reached skill level 5 in Armour
  7047 | D:6      | Reached XP level 9. HP: 68/68 MP: 4/14
  7066 | D:6      | Found a stormy altar of Qazlal.
  7411 | D:6      | Found a shimmering blue altar of Sif Muna.
  7562 | D:6      | Found a bloodstained altar of Trog.
  7569 | D:6      | Found a basalt altar of Yredelemnul.
  7707 | D:6      | Found a shadowy altar of Dithmenos.
  7770 | D:6      | Reached skill level 9 in Long Blades
  8079 | D:7      | Found a runed translucent door.
  8080 | D:7      | Noticed Crazy Yiuf
  8125 | D:7      | Killed Crazy Yiuf
  8990 | D:7      | You fall into a shaft and drop 3 floors!
  8990 | D:10     | Entered Level 10 of the Dungeon
  9142 | D:10     | Noticed a kobold demonologist
  9147 | D:10     | Noticed a red devil
  9154 | D:10     | Noticed a hellwing
  9156 | D:10     | Noticed a kobold demonologist
  9180 | D:10     | Noticed a smoke demon
  9183 | D:10     | Noticed a soul eater
  9183 | D:10     | Killed from afar by a smoke demon

Levels and vault maps discovered:
D:1:      minmay_arrival_semitransparent, layout_loops_ring
D:2:      layout_basic, first_ration
D:3:      layout_basic, marbit_many_paths, gammafunk_ghost_smash, uniq_sigmund
D:4:      layout_rooms, serial_shops, nicolae_shop_stone
D:5:      layout_basic, lemuel_doored_altar, grunt_gozag_breadcrumbs
D:6:      layout_basic, lemuel_crystal_altar, led_sif_pool,
          overflow_temple_1_default, minitemple, kennysheep_generic_room_16,
          uniq_grinder
D:7:      layout_basic, minmay_temple_entry_fiery, uniq_crazy_yiuf_cottage,
          uniq_prince_ribbit1
D:10:     layout_layer_cave, david_orc_5, serial_bayou_crossing

Skill      XL: |  1  2  3  4  5  6  7  8  9 |
---------------+----------------------------+-----
Long Blades    | 3 4 5 7 8 9 |  9.6
Armour         | 2 3 4 5 |  5.5
Fighting       | 3 4 5 |  5.7
Charms         | 4 5 6 |  6.0
Dodging        | 3 4 |  4.7
Spellcasting   | 3 4 |  4.5
Evocations     | 1 2 |  2.5
Unarmed Combat | |  0.4
Translocations | |  0.8

Action                   |  1- 3 |  4- 6 |  7- 9 || total
-------------------------+-------+-------+-------++-------
Melee: Falchion          |   123 |   121 |   369 ||   613
       Unarmed           |       |     9 |       ||     9
 Cast: Infusion          |     2 |     8 |    26 ||    36
       Shroud of Golubri |       |     3 |    16 ||    19
       Regeneration      |       |       |     4 ||     4
       Song of Slaying   |       |       |     5 ||     5
       Spectral Weapon   |       |       |     5 ||     5
 Abil: Hop               |       |       |     1 ||     1
  Use: Scroll            |       |     9 |     7 ||    16
       Potion            |       |       |    13 ||    13
 Stab: Sleeping          |       |     1 |       ||     1
       Distracted        |       |       |     1 ||     1
  Eat: Chunk             |     4 |     8 |     6 ||    18
       Ration            |     1 |       |     3 ||     4
Armor: Leather armour    |    31 |    29 |   117 ||   177
       Skin              |       |       |    63 ||    63
Dodge: Dodged            |    96 |   111 |   287 ||   494
       Rpst.: Falchion   |    34 |    29 |    64 ||   127
